TOP OF THE 1ST |
Amarillo Gold Sox batting - Pitching for Dallas-Fort Worth Rangers : RHP Manny Hernandez
|
Pitching: RHP Manny Hernandez
|
|
Batting: SHB Mike Felder
|
0-0: Ball 1-0: Called Strike 1-1: Ball 2-1: Foul Ball, location: 2F 2-2: Foul Ball, location: 2F 2-2: Ball 3-2: Foul Ball, location: 2F 3-2: Ground out 1-3 (Groundball, 15S, EV 67.5 MPH)
|
Batting: RHB Adam Veldman
|
0-0: Foul Ball, location: 2F 0-1: Ground out 5-3 (Groundball, 56, EV 104.4 MPH)
|
Batting: LHB Ernie Riles
|
0-0: Ball 1-0: Fly out, F7 (Flyball, 7LS, EV 95.6 MPH)
|
Top of the 1st over - 0 runs, 0 hits, 0 errors, 0 left on base; Amarillo 0 - Dallas-Fort Worth 0 |
BOTTOM OF THE 1ST |
Dallas-Fort Worth Rangers batting - Pitching for Amarillo Gold Sox : RHP Rich Bordi
|
Pitching: RHP Rich Bordi
|
|
Batting: LHB Stan Levi
|
0-0: Ball 1-0: Fly out, F9 (Flyball, 9LM, EV 93.1 MPH)
|
Batting: LHB Dustin Hipp
|
0-0: Ball 1-0: Called Strike 1-1: Ball 2-1: Swinging Strike 2-2: Ball 3-2: Foul Ball, location: 2F 3-2: Ground out 6-3 (Groundball, 6, EV 91.3 MPH)
|
Batting: RHB Joe Carter
|
0-0: Called Strike 0-1: Foul Ball, location: 2F 0-2: Foul Ball, location: 2F 0-2: Fly out, F7 (Flyball, 78M, EV 90.6 MPH)
|
Bottom of the 1st over - 0 runs, 0 hits, 0 errors, 0 left on base; Amarillo 0 - Dallas-Fort Worth 0 |
TOP OF THE 2ND |
Amarillo Gold Sox batting - Pitching for Dallas-Fort Worth Rangers : RHP Manny Hernandez
|
Batting: RHB Bill Pecota
|
0-0: Ball 1-0: Called Strike 1-1: Ball 2-1: Ball 3-1: Called Strike 3-2: Strikes out swinging
|
Batting: LHB Hector Arroyo
|
0-0: Called Strike 0-1: SINGLE (Groundball, 4MD, EV 103.1 MPH)
|
Batting: LHB Glenn Arnett
|
0-0: Called Strike 0-1: Ball 1-1: SINGLE (Groundball, 56S, EV 65.6 MPH) (infield hit) Hector Arroyo to second
|
Batting: RHB Andrew Barbee
|
0-0: SINGLE (Groundball, 56D, EV 98.8 MPH) Hector Arroyo to third Glenn Arnett to second Runner from 3rd tries for Home, SAFE, throw by LF to home
|
Batting: RHB Chino Cadahia
|
0-0: Foul Ball, location: 2F 0-1: Called Strike Glenn Arnett steals 3rd base 0-2: Strikes out swinging
|
Batting: RHB Vic Alvarado
|
0-0: Foul Ball, location: 2F 0-1: Ground out 5-3 (Groundball, 56S, EV 85.0 MPH)
|
Top of the 2nd over - 1 run, 3 hits, 0 errors, 2 left on base; Amarillo 1 - Dallas-Fort Worth 0 |
BOTTOM OF THE 2ND |
Dallas-Fort Worth Rangers batting - Pitching for Amarillo Gold Sox : RHP Rich Bordi
|
Batting: RHB Pat Casey
|
0-0: Called Strike 0-1: Ball 1-1: Swinging Strike 1-2: Fly out, F7 (Flyball, 7S, EV 84.4 MPH)
|
Batting: LHB Dave Falcone
|
0-0: Ball 1-0: SOLO HOME RUN (Line Drive, 9LD, EV 105.6 MPH), Distance : 350 ft
|
Batting: RHB Dave Miele
|
0-0: Ball 1-0: Fly out, F9 (Flyball, 89D, EV 90.0 MPH)
|
Batting: RHB Dave Aponte
|
0-0: Ball 1-0: Foul Ball, location: 2F 1-1: Called Strike 1-2: Ball 2-2: Foul Ball, location: 2F 2-2: Foul Ball, location: 2F 2-2: Ball 3-2: Base on Balls
|
Batting: LHB Garcia Gutierrez
|
0-0: Ball 1-0: Swinging Strike 1-1: Swinging Strike 1-2: Fielders Choice at 2nd, 6-4 (Groundball, 6, EV 78.8 MPH)
|
Bottom of the 2nd over - 1 run, 1 hit, 0 errors, 1 left on base; Amarillo 1 - Dallas-Fort Worth 1 |
TOP OF THE 3RD |
Amarillo Gold Sox batting - Pitching for Dallas-Fort Worth Rangers : RHP Manny Hernandez
|
Batting: SHB Mike Felder
|
0-0: Called Strike 0-1: Called Strike 0-2: Ball 1-2: Strikes out swinging
|
Batting: RHB Adam Veldman
|
0-0: Foul Ball, location: 2F 0-1: Ball 1-1: Ground out 6-3 (Groundball, 6S, EV 90.6 MPH)
|
Batting: LHB Ernie Riles
|
0-0: Ball 1-0: Called Strike 1-1: Ball 2-1: Foul Ball, location: 2F 2-2: Foul Ball, location: 2F 2-2: Fly out, F8 (Flyball, 8RM, EV 86.3 MPH)
|
Top of the 3rd over - 0 runs, 0 hits, 0 errors, 0 left on base; Amarillo 1 - Dallas-Fort Worth 1 |
BOTTOM OF THE 3RD |
Dallas-Fort Worth Rangers batting - Pitching for Amarillo Gold Sox : RHP Rich Bordi
|
Batting: LHB Rick Leach
|
0-0: Called Strike 0-1: Foul Ball, location: 2F 0-2: Ball 1-2: Foul Ball, location: 2F 1-2: Ball 2-2: SINGLE (Groundball, 5D, EV 93.8 MPH)
|
Batting: LHB Stan Levi
|
0-0: Ball 1-0: Fielders Choice at 2nd, 3-6 (Groundball, 34S, EV 86.3 MPH)
|
Batting: LHB Dustin Hipp
|
0-0: Called Strike 0-1: Ball 1-1: Ball 2-1: Ball 3-1: Foul Ball, location: 2F 3-2: 2-RUN HOME RUN (Line Drive, 9D, EV 101.3 MPH), Distance : 396 ft
|
Batting: RHB Joe Carter
|
0-0: Ball 1-0: Swinging Strike 1-1: Foul Ball, location: 2F 1-2: Strikes out looking
|
Batting: RHB Pat Casey
|
0-0: Ball 1-0: Swinging Strike 1-1: Ball 2-1: Swinging Strike 2-2: Ball 3-2: Foul Ball, location: 2F 3-2: Foul Ball, location: 2F 3-2: Foul Ball, location: 2F 3-2: SOLO HOME RUN (Flyball, 7D, EV 90.0 MPH), Distance : 356 ft
|
Batting: LHB Dave Falcone
|
0-0: Called Strike 0-1: Fly out, F9 (Flyball, 9, EV 84.4 MPH)
|
Bottom of the 3rd over - 3 runs, 3 hits, 0 errors, 0 left on base; Amarillo 1 - Dallas-Fort Worth 4 |
TOP OF THE 4TH |
Amarillo Gold Sox batting - Pitching for Dallas-Fort Worth Rangers : RHP Manny Hernandez
|
Batting: RHB Bill Pecota
|
0-0: Ground out 1-3 (Groundball, 34S, EV 88.8 MPH)
|
Batting: LHB Hector Arroyo
|
0-0: Swinging Strike 0-1: Ball 1-1: Ball 2-1: Swinging Strike 2-2: Foul Ball, location: 2F 2-2: Ball 3-2: Base on Balls
|
Batting: LHB Glenn Arnett
|
0-0: Called Strike 0-1: Ball 1-1: Ball 2-1: Ball 3-1: SINGLE (Groundball, 6M, EV 80.0 MPH) (infield hit) Hector Arroyo to second
|
Batting: RHB Andrew Barbee
|
0-0: Ball 1-0: Ball 2-0: Foul Ball, location: 2F 2-1: Called Strike 2-2: Foul Ball, location: 2F 2-2: SINGLE (Line Drive, 78S, EV 95.6 MPH) Hector Arroyo to third Glenn Arnett to second Runner from 3rd tries for Home, SAFE, no throw by LF
|
Batting: RHB Chino Cadahia
|
0-0: Called Strike 0-1: Ball 1-1: Foul Ball, location: 2F 1-2: Grounds into double play, 1-4-3 (Groundball, P, EV 83.8 MPH)
|
Top of the 4th over - 1 run, 2 hits, 0 errors, 1 left on base; Amarillo 2 - Dallas-Fort Worth 4 |
BOTTOM OF THE 4TH |
Dallas-Fort Worth Rangers batting - Pitching for Amarillo Gold Sox : RHP Rich Bordi
|
Batting: RHB Dave Miele
|
0-0: Called Strike 0-1: Ball 1-1: Ground out 4-3 (Groundball, 4, EV 87.5 MPH)
|
Batting: RHB Dave Aponte
|
0-0: Ball 1-0: Ball 2-0: Ball 3-0: Swinging Strike 3-1: Swinging Strike 3-2: Strikes out swinging
|
Batting: LHB Garcia Gutierrez
|
0-0: Fly out, F4 (Line Drive, 4, EV 70.6 MPH)
|
Bottom of the 4th over - 0 runs, 0 hits, 0 errors, 0 left on base; Amarillo 2 - Dallas-Fort Worth 4 |
TOP OF THE 5TH |
Amarillo Gold Sox batting - Pitching for Dallas-Fort Worth Rangers : RHP Manny Hernandez
|
Batting: RHB Vic Alvarado
|
0-0: Called Strike 0-1: Ball 1-1: Ball 2-1: Foul Ball, location: 2F 2-2: Strikes out swinging
|
Batting: SHB Mike Felder
|
0-0: TRIPLE (Line Drive, 8RXD, EV 105.6 MPH)
|
Batting: RHB Adam Veldman
|
0-0: Foul Ball, location: 2F 0-1: Ball 1-1: Ground out 6-3 (Groundball, 6, EV 103.8 MPH) Mike Felder scores
|
Batting: LHB Ernie Riles
|
0-0: Called Strike 0-1: SINGLE (Groundball, 3D, EV 99.4 MPH)
|
Batting: RHB Bill Pecota
|
0-0: Ball 1-0: Ball 2-0: Ball 3-0: Base on Balls Ernie Riles to second
|
Batting: LHB Hector Arroyo
|
0-0: Called Strike 0-1: Foul Ball, location: 2F 0-2: Hit by Pitch Ernie Riles to third Bill Pecota to second
|
Batting: LHB Glenn Arnett
|
0-0: Foul Ball, location: 2F 0-1: Called Strike 0-2: Ball 1-2: Ball 2-2: Ball 3-2: Ground out 4-3 (Groundball, 4M, EV 105.0 MPH)
|
Top of the 5th over - 1 run, 2 hits, 0 errors, 3 left on base; Amarillo 3 - Dallas-Fort Worth 4 |
BOTTOM OF THE 5TH |
Dallas-Fort Worth Rangers batting - Pitching for Amarillo Gold Sox : RHP Rich Bordi
|
Batting: LHB Rick Leach
|
0-0: Ball 1-0: Ball 2-0: Foul Ball, location: 2F 2-1: Ground out 3-1 (Groundball, 34, EV 82.5 MPH)
|
Batting: LHB Stan Levi
|
0-0: Ball 1-0: Ground out U3 (Groundball, 3L, EV 88.1 MPH)
|
Batting: LHB Dustin Hipp
|
0-0: Ball 1-0: Called Strike 1-1: Ball 2-1: Foul Ball, location: 2F 2-2: Ball 3-2: Foul Ball, location: 2F 3-2: Base on Balls
|
Batting: RHB Joe Carter
|
0-0: Called Strike 0-1: Ball 1-1: Foul Ball, location: 2F 1-2: Fielders Choice at 2nd, 6-4 (Groundball, 6, EV 81.9 MPH)
|
Bottom of the 5th over - 0 runs, 0 hits, 0 errors, 1 left on base; Amarillo 3 - Dallas-Fort Worth 4 |
TOP OF THE 6TH |
Amarillo Gold Sox batting - Pitching for Dallas-Fort Worth Rangers : RHP Manny Hernandez
|
Batting: RHB Andrew Barbee
|
0-0: Ball 1-0: Ball 2-0: Ball 3-0: Base on Balls
|
Pitching: RHP Edward Arkema
|
|
Batting: RHB Chino Cadahia
|
0-0: Foul Ball, location: 2F 0-1: Foul Ball, location: 2F 0-2: Ball 1-2: Ball 2-2: Foul Ball, location: 2F 2-2: Fly out, F7 (Flyball, 7, EV 85.0 MPH)
|
Batting: RHB Vic Alvarado
|
0-0: Ball 1-0: Foul Ball, location: 2F 1-1: Foul Ball, location: 2F 1-2: Foul Ball, location: 2F 1-2: Ball 2-2: Strikes out looking
|
Batting: SHB Mike Felder
|
0-0: Called Strike Andrew Barbee steals 2nd base 0-1: Ground out 6-3 (Groundball, 6, EV 85.0 MPH)
|
Top of the 6th over - 0 runs, 0 hits, 0 errors, 1 left on base; Amarillo 3 - Dallas-Fort Worth 4 |
BOTTOM OF THE 6TH |
Dallas-Fort Worth Rangers batting - Pitching for Amarillo Gold Sox : RHP Rich Bordi
|
Batting: RHB Pat Casey
|
0-0: Foul Ball, location: 2F 0-1: Foul Ball, location: 2F 0-2: Ball 1-2: Ground out 4-3 (Groundball, 4, EV 87.5 MPH)
|
Batting: LHB Dave Falcone
|
0-0: Swinging Strike 0-1: Ball 1-1: Called Strike 1-2: Ball 2-2: Strikes out swinging
|
Batting: RHB Dave Miele
|
0-0: Ball 1-0: Foul Ball, location: 2F 1-1: Swinging Strike 1-2: SINGLE (Line Drive, 8LS, EV 95.6 MPH)
|
Pitching: LHP Mark Mercer
|
|
Batting: RHB Dave Aponte
|
0-0: Ball 1-0: Ball 2-0: DOUBLE (Groundball, 5L, EV 95.6 MPH) Dave Miele to third Runner from 3rd tries for Home, SAFE, no throw by LF
|
Batting: LHB Garcia Gutierrez
|
0-0: Ball 1-0: Ball 2-0: Foul Ball, location: 2F 2-1: Called Strike 2-2: Strikes out swinging
|
Bottom of the 6th over - 1 run, 2 hits, 0 errors, 1 left on base; Amarillo 3 - Dallas-Fort Worth 5 |
TOP OF THE 7TH |
Amarillo Gold Sox batting - Pitching for Dallas-Fort Worth Rangers : RHP Edward Arkema
|
Batting: RHB Adam Veldman
|
0-0: Ball 1-0: Ground out 1-3 (Groundball, 15S, EV 64.4 MPH)
|
Batting: LHB Ernie Riles
|
0-0: Ball 1-0: Called Strike 1-1: Ball 2-1: Swinging Strike 2-2: Foul Ball, location: 2F 2-2: Ball 3-2: Base on Balls
|
Batting: RHB Bill Pecota
|
0-0: Ball Ernie Riles steals 2nd base 1-0: Ball 2-0: Ball 3-0: Called Strike 3-1: Ground out 6-3 (Groundball, 6, EV 84.4 MPH)
|
Pitching: LHP Mark Young
|
|
Batting: LHB Hector Arroyo
|
0-0: Called Strike 0-1: Ball 1-1: Foul Ball, location: 2F 1-2: Ground out 6-3 (Groundball, 6, EV 90.6 MPH)
|
Top of the 7th over - 0 runs, 0 hits, 0 errors, 1 left on base; Amarillo 3 - Dallas-Fort Worth 5 |
BOTTOM OF THE 7TH |
Dallas-Fort Worth Rangers batting - Pitching for Amarillo Gold Sox : LHP Mark Mercer
|
Batting: LHB Rick Leach
|
0-0: Ground out 4-3 (Groundball, 4S, EV 63.8 MPH)
|
Batting: LHB Stan Levi
|
0-0: Ball 1-0: Foul Ball, location: 2F 1-1: Ball 2-1: Called Strike 2-2: Ball 3-2: Foul Ball, location: 2F 3-2: Foul Ball, location: 2F 3-2: Base on Balls
|
Batting: LHB Dustin Hipp
|
0-0: Swinging Strike 0-1: Fly out, F7 (Flyball, 7, EV 85.0 MPH)
|
Batting: RHB Joe Carter
|
0-0: Foul Ball, location: 2F 0-1: Foul Ball, location: 2F 0-2: Foul Ball, location: 2F 0-2: Strikes out swinging
|
Bottom of the 7th over - 0 runs, 0 hits, 0 errors, 1 left on base; Amarillo 3 - Dallas-Fort Worth 5 |
TOP OF THE 8TH |
Amarillo Gold Sox batting - Pitching for Dallas-Fort Worth Rangers : LHP Mark Young
|
Now in CF: Mario Delgado
|
|
Batting: LHB Glenn Arnett
|
0-0: Called Strike 0-1: Ball 1-1: Foul Ball, location: 2F 1-2: Ball 2-2: Strikes out looking
|
Batting: RHB Andrew Barbee
|
0-0: Called Strike 0-1: Called Strike 0-2: Ball 1-2: Ball 2-2: Strikes out swinging
|
Batting: RHB Chino Cadahia
|
0-0: Ball 1-0: Ball 2-0: Ball 3-0: Base on Balls
|
Batting: RHB Vic Alvarado
|
0-0: Ball 1-0: Fielders Choice at 2nd, 6-4 (Groundball, 6, EV 91.9 MPH)
|
Top of the 8th over - 0 runs, 0 hits, 0 errors, 1 left on base; Amarillo 3 - Dallas-Fort Worth 5 |
BOTTOM OF THE 8TH |
Dallas-Fort Worth Rangers batting - Pitching for Amarillo Gold Sox : LHP Mark Mercer
|
Batting: RHB Pat Casey
|
0-0: Ball 1-0: Ball 2-0: Ball 3-0: Base on Balls
|
Batting: LHB Dave Falcone
|
0-0: Fly out, F9 (Flyball, 9LM, EV 79.4 MPH)
|
Batting: RHB Dave Miele
|
0-0: Foul Ball, location: 2F 0-1: Foul Ball, location: 2F 0-2: Foul Ball, location: 2F 0-2: Foul Ball, location: 2F 0-2: SINGLE (Groundball, 5S, EV 67.5 MPH) (infield hit) Pat Casey to second
|
Batting: RHB Dave Aponte
|
0-0: Called Strike 0-1: Foul Ball, location: 2F 0-2: Fly out, F9 (Flyball, 9S, EV 96.9 MPH)
|
Batting: LHB Garcia Gutierrez
|
0-0: Called Strike 0-1: Foul Ball, location: 2F 0-2: Fly out, F8 (Line Drive, 8RM, EV 93.1 MPH)
|
Bottom of the 8th over - 0 runs, 1 hit, 0 errors, 2 left on base; Amarillo 3 - Dallas-Fort Worth 5 |
TOP OF THE 9TH |
Amarillo Gold Sox batting - Pitching for Dallas-Fort Worth Rangers : LHP Mark Young
|
Pitching: RHP Duane Theiss
|
|
Batting: SHB Mike Felder
|
0-0: Ball 1-0: Ground out 6-3 (Groundball, 6, EV 82.5 MPH)
|
Batting: RHB Adam Veldman
|
0-0: Ball 1-0: Swinging Strike 1-1: Ball 2-1: Ground out 5-3 (Groundball, 5, EV 81.3 MPH)
|
Batting: LHB Ernie Riles
|
0-0: Called Strike 0-1: Ground out U3 (Groundball, 3, EV 83.1 MPH)
|
Top of the 9th over - 0 runs, 0 hits, 0 errors, 0 left on base; Amarillo 3 - Dallas-Fort Worth 5 |
|